cohdb
Replays
Latest Replays
All Replays
Popular Replays
Top Player Replays
Match Explorer
How It Works
Community
CoH3 Stats
Reddit
Sign in to upload your games and track your stats! →
Sign in with Steam
Match 43026736
Unlisted
Match 43026736
Overview
Messages
Build Orders
End
Construct Section Command Post
Vickers Machine Gun Team
Dingo Light Scout Car
Infantry Section
Infantry Section
Grenade Package
Construct Platoon Command Post
Infantry Section
CMP 15cwt Truck
Vickers Machine Gun Team
Selects Australian Defense Battlegroup
Selects Australian Light Infantry Section
Selects 2-pounder Anti-tank Gun Team
Construct Company Command Post
Royal Engineer Section
Foot Guards Section
Infantry Training
Foot Guards Section
Matilda II Heavy Tank
Crusader II Medium Tank
Armored Vehicle Training
Selects CMP 15cwt Supply Run
Selects Artillery Trip Wire Flares
Crusader II Medium Tank
Selects Archer Tank Destroyer
Archer Tank Destroyer
[82AD] PaulVmax
Computer - Hard
r33dys
A Chunky Chaffinch
jackliushanghai
DuckPuncher
Dinglebop
光荣革命
0
0
Comments
sign in to comment!
No comments posted yet!